 Dungeon Crawl Stone Soup version 0.29.1-2-gbd0b4ee654 (webtiles) character file.

Game seed: 2932321822049367323

45 keekatzer the Shield-Bearer (level 3, -2/30 HPs)
             Began as a Formicid Fighter on Oct 24, 2022.
             Slain by a gnoll
             ... wielding a +0 whip
              (4 damage)
             ... on level 2 of the Dungeon.
             The game lasted 00:05:45 (704 turns).

keekatzer the Shield-Bearer (Formicid Fighter)       Turns: 704, Time: 00:05:46

Health: -2/30      AC:  7    Str: 20    XL:     3   Next: 90%
Magic:  3/3        EV:  9    Int:  7    God:
Gold:   36         SH:  5    Dex: 15    Spells: 2/2 levels left

rFire   . . .      SeeInvis +   a - +0 quarterstaff
rCold   . . .      Faith    .   c - +0 buckler
rNeg    . . .      Spirit   .   b - +0 scale mail
rPois   .          Reflect  .   (helmet unavailable)
rElec   .          Harm     .   (no cloak)
rCorr   +          Rampage  .   (no gloves)
Will    +....                   (no boots)
Stlth   ..........              (no amulet)
HPRegen 0.10/turn               f - ring of willpower
MPRegen 0.08/turn               k - ring of resist corrosion

@: no status effects
A: permanent stasis, dig shafts and tunnels, antennae 3, four strong arms
a: Dig, Shaft Self


You were on level 2 of the Dungeon.
You visited 1 branch of the dungeon, and saw 2 of its levels.

You collected 36 gold pieces.

Inventory:

Hand Weapons
 a - a +0 quarterstaff (weapon)
Armour
 b - a +0 scale mail (worn)
 c - a +0 buckler (worn)
Jewellery
 f - a ring of willpower (left hand)
 k - a ring of resist corrosion (right hand)
Scrolls
 e - a scroll of poison {unknown}
 g - a scroll of fear {unknown}
 h - a scroll of identify {unknown}
 i - a scroll of noise {unknown}
 l - a scroll of enchant weapon {unknown}
Potions
 d - 2 potions of might


   Skills:
 + Level 3.9 Fighting
 - Level 2.0 Staves
 + Level 3.9 Armour
 + Level 4.7 Shields


You had 2 spell levels left.
You didn't know any spells.
Your spell library was empty.

Dungeon Overview and Level Annotations

Branches:
Dungeon (2/15)

Altars:

Annotations:
D:2 Sigmund


Innate Abilities, Weirdness & Mutations

You cannot be hasted, slowed, berserked, paralysed or teleported.
You can dig through walls and to a lower floor.
You have a pair of large antennae on your head. (SInv)
Your four strong arms can wield two-handed weapons with a shield.


Message History

A bat comes into view.
The bat moves out of view.
A gnoll comes into view. It is wielding a +0 spear.
Found a stone staircase leading down.
The gnoll shouts!
The gnoll moves out of view.
The bat barely misses you.
You barely miss the bat. The bat closely misses you.
The bat hits you but does no damage.
A gnoll comes into view. It is wielding a +0 whip.
The gnoll shouts!
You hit the bat.
You kill the bat!
You hear a shout!
You closely miss the gnoll. The gnoll hits you with a +0 whip.
You hit the gnoll.
The gnoll is heavily wounded.
Sigmund the Dreaded comes into view.
He is wielding a +0 scythe.
The gnoll hits you from afar with a +0 spear.
The gnoll hits you with a +0 whip.
The gnoll hits you from afar with a +0 spear!
* * * LOW HITPOINT WARNING * * *
The gnoll hits you with a +0 whip.
* * * LOW HITPOINT WARNING * * *
Sigmund gestures at you while chanting.
You are confused.
It was a potion of flight.
You feel very buoyant.
You fly up into the air.
The gnoll barely misses you. The gnoll hits you with a +0 whip.
* * * LOW HITPOINT WARNING * * *
It was a potion of cancellation.
Your magical effects are unravelling.
You feel magically purged.
You float gracefully downwards.
You feel less confused. The gnoll barely misses you.
A gnoll comes into view. It is wielding a +0 whip.
You block the gnoll's attack. The gnoll attacks as you move away!
The gnoll hits you with a +0 whip.
You die...

#.... #...{ #
#.>.. ..#.... ##
....... g#
......g###g######
#......†@..@.>..
##.##..####.#...
#. ##..###....
#..###..b......
###.
#....##...... #..
#..###...##.##
#.##..# #.#......
###.##.# ##.#
.....
##.(....####..#
....


You could see Sigmund and 3 gnolls.

Vanquished Creatures
  A worm (D:2)
  3 endoplasms (D:1)
  2 giant cockroaches (D:1)
  5 goblins
  3 hobgoblins (D:1)
  5 kobolds (D:1)
  4 quokkas (D:1)
  5 ball pythons
  4 bats
  4 frilled lizards
  4 rats (D:1)
40 creatures vanquished.

Notes
Turn   | Place    | Note
-------+----------+-------------------------------------------
     0 | D:1      | keekatzer the Formicid Fighter began the quest for the Orb.
     0 | D:1      | Reached XP level 1. HP: 18/18 MP: 1/1
    64 | D:1      | Reached XP level 2. HP: 21/24 MP: 2/2
   271 | D:1      | Reached XP level 3. HP: 30/30 MP: 3/3
   368 | D:1      | Found a faded altar of an unknown god.
   701 | D:2      | Noticed Sigmund
   704 | D:2      | Slain by a gnoll

Illustrated notes

Levels and vault maps discovered:
D:1:      minmay_arrival_semitransparent, layout_loops_ring,
          chequers_ecumenical_altar_twisty, minmay_heptomino_l4
D:2:      layout_rooms, minmay_misc_feat_diagonals, uniq_robin, uniq_sigmund

Action                   || total
-------------------------++-------
Melee: Quarterstaff      ||   105
  Use: Potion            ||     2
Armor: Scale mail        ||    39
Dodge: Dodged            ||    36
Block: Buckler           ||    24
